 Dungeon Crawl Stone Soup version 0.25.1-2-g60ff931df9 (webtiles) character file.

Game seed: 11655156211861400217

11760 Martska the Fighter (level 11, -15/110 HPs)
             Began as a Naga Fighter on Aug 9, 2020.
             Was a Follower of Cheibriados.
             Killed by refrigeration
             ... invoked by Fannar
              (24 damage)
             ... on level 11 of the Dungeon on Aug 10, 2020.
             The game lasted 00:38:10 (15306 turns).

Martska the Fighter (Naga Fighter)                 Turns: 15306, Time: 00:38:11

Health: -15/110    AC:  9    Str: 27    XL:     11   Next: 82%
Magic:  14/14      EV: 27    Int: 15    God:    Cheibriados [*.....]
Gold:   658        SH: 11    Dex: 14    Spells: 14/14 levels left

rFire    . . .     SeeInvis +   a - +1 trident
rCold    . . .     Gourm    .   c - +0 kite shield
rNeg     . . .     Faith    .   O - +0 steam dragon scales
rPois    +         Spirit   .   x - +0 helmet
rElec    .         Reflect  .   A - +0 cloak
rCorr    .         Harm     .   (no gloves)
MR       +....                  (no barding)
Stlth    +.........             e - amulet of the acrobat
HPRegen  0.28/turn              v - +6 ring of strength
MPRegen  0.14/turn              (no ring)

@: acrobat, lightly drained, very slow
A: large, see invisible, deformed body, poison resistance, slowness 2, slow
metabolism 1, spit poison 1, AC +3
a: Spit Poison, Bend Time, Renounce Religion


You were on level 11 of the Dungeon.
You worshipped Cheibriados.
Cheibriados was aware of your devotion.
You were not hungry.

You visited 2 branches of the dungeon, and saw 12 of its levels.

You collected 658 gold pieces.

Inventory:

Hand Weapons
 a - a +1 trident (weapon)
 d - a +0 spear
 F - a cursed +0 trident
 N - a +1 vorpal war axe
Armour
 b - a +0 scale mail
 c - a +0 kite shield (worn)
 g - a +0 leather armour
 x - a +0 helmet (worn)
 A - a +0 cloak (worn)
 K - a +0 buckler
 L - a +0 troll leather armour
 O - +0 steam dragon scales (worn)
Jewellery
 e - an amulet of the acrobat (around neck)
 n - an uncursed ring of protection from fire
 t - an uncursed ring of attention
 v - a +6 ring of strength (left hand)
 J - an uncursed amulet of reflection {unknown}
Wands
 z - a wand of enslavement (32)
 G - a wand of polymorph (10)
 H - a wand of digging (5)
 M - a wand of flame (20)
Scrolls
 i - 3 scrolls of magic mapping
 k - a scroll of fog
 l - 3 scrolls of teleportation
 o - 3 scrolls of noise {unknown}
 r - 3 scrolls of enchant weapon
 y - 2 scrolls of vulnerability {unknown}
 C - a scroll of random uselessness {unknown}
 D - 2 scrolls of enchant armour {unknown}
 E - 2 scrolls of immolation {unknown}
 I - 6 scrolls of remove curse
 P - 3 scrolls of amnesia {unknown}
Potions
 j - 7 potions of curing
 m - 2 potions of degeneration {unknown}
 p - 5 potions of haste {unknown}
 q - 4 potions of flight {unknown}
 u - 6 potions of lignification {unknown}
 w - 2 potions of cancellation {unknown}
 B - a potion of invisibility {unknown}
Comestibles
 f - 12 rations
 s - 3 chunks of flesh


   Skills:
 * Level 10.8(10.6) Fighting
 * Level 10.5(10.3) Polearms
 + Level 3.2(3.0) Armour
 + Level 6.0(5.8) Dodging
 + Level 6.6(6.4) Shields
 + Level 2.0(1.8) Spellcasting
 * Level 2.4(2.2) Invocations


You had 14 spell levels left.
You didn't know any spells.
Your spell library contained the following spells:

 Spells                   Type           Power        Failure   Level  Hunger
 Corona                   Hex            #......      36%         1    ##.....
 Foxfire                  Conj/Fire      #...         36%         1    ##.....
 Magic Dart               Conj           #...         36%         1    ##.....
 Ensorcelled Hibernation  Hex/Ice        #.....       52%         2    ###....
 Searing Ray              Conj           #.....       52%         2    ###....
 Confusing Touch          Hex            #.......     75%         3    ####...
 Conjure Flame            Conj/Fire      #.......     75%         3    ####...
 Dazzling Flash           Conj/Hex       #.....       75%         3    ####...
 Inner Flame              Hex/Fire       #.......     75%         3    ####...
 Tukima's Dance           Hex            #.......     75%         3    ####...
 Fulminant Prism          Conj/Hex       #.........   98%         4    #####..
 Iskenderun's Mystic Bla  Conj/Tloc      #.......     98%         4    #####..
 Sticky Flame             Conj/Fire      #.......     98%         4    #####..
 Fireball                 Conj/Fire      #.........   100%        5    ######.


Dungeon Overview and Level Annotations

Branches:
Dungeon (11/15)            Temple (1/1) D:5            Lair (0/6) D:10
    Orc: D:9-12

Altars:
Ashenzari
Cheibriados
Dithmenos
Elyvilon
Fedhas
Gozag
Kikubaaqudgha
Makhleb
Nemelex Xobeh
Okawaru
Ru
Sif Muna
Trog
Uskayaw
Vehumet
Wu Jian
Xom
Yredelemnul
Zin

Shops:
D:5 =[!(*   D:9 ?

Annotations:
D:10 exclusion: unseen horror
D:11 Fannar


Innate Abilities, Weirdness & Mutations

You cannot wear boots.
Your serpentine skin is tough. (AC +3)
You have supernaturally acute eyesight. (SInv)
Armour fits poorly on your strangely shaped body.
Your system is resistant to poisons. (rPois)
You cover ground very slowly.
You have a slow metabolism.
You can spit poison.


Message History

You block the ice beast's attack. The ice beast barely misses you.
The ice beast closely misses you. You block the ice beast's attack.
The ice beast misses you. The ice beast completely misses you.
Fannar casts a spell.
Fannar drains the heat from the surrounding environment!
You feel very cold.
* * * LOW HITPOINT WARNING * * *
Fannar is frozen.
Fannar resists.
You block the ice beast's attack.
As you read the scroll of fear, it crumbles to dust.
You assume a fearsome visage.
The ice beast looks frightened!
Fannar resists with some effort.
The ice beast looks frightened! x2
Fannar closely misses you.
Fannar glares icily.
Fannar closely misses you.
Fannar gestures wildly while chanting.
Fannar drains the heat from the surrounding environment!
You feel very cold.
You die...

#..# #..# #..# #..#
#..# # #..#
#.######### #.e#
#..<.#....)
#..##########.#.####
#..@.........#.....#
##)#########<...##.#
#.########.#.#.##.#
#...............#..
#########.##...>...
#.#####.###
##.###.## ##...##
#####


You could see Fannar (icy armour).

Vanquished Creatures
  Erolcha (D:9)
  Harold (D:8)
  A hydra (D:8)
  2 two-headed ogres (D:9)
  Nergalle (D:11)
  A harpy (shapeshifter) (D:10)
  A centaur zombie (D:10)
  Maggie (D:8)
  2 trolls (D:8)
  2 dream sheep (D:8)
  A hippogriff (D:9)
  2 yaks (D:8)
  A water moccasin (D:7)
  An eye of draining (D:9)
  A necrophage (D:6)
  4 sky beasts
  A black bear (D:9)
  A hornet zombie (D:9)
  4 orc warriors
  4 ogres (D:7)
  2 phantoms (D:8)
  3 ice beasts
  3 centaurs
  4 big kobolds
  12 bullfrogs
  A wyvern zombie (D:8)
  4 scorpions
  A jelly (D:9)
  3 wights (D:8)
  5 howler monkeys
  5 crimson imps
  4 bullfrog zombies
  A quasit (D:8)
  4 hounds
  5 orc priests
  A bullfrog skeleton (D:9)
  13 orc wizards
  A centaur skeleton (D:4)
  4 iguanas
  10 worker ants
  A hound zombie (D:6)
  A hound skeleton (D:7)
  2 worker ant zombies (D:6)
  6 gnolls
  15 adders
  A shadow imp (D:6)
  A worker ant simulacrum (D:10)
  An ooze (D:2)
  An adder zombie (D:6)
  2 worms
  2 leopard geckos
  37 orcs
  10 bats
  6 giant cockroaches
  4 goblins
  7 hobgoblins
  22 jackals
  3 quokkas
  A frilled lizard (D:4)
  A giant cockroach zombie (D:5)
  A jackal skeleton (D:5)
  8 kobolds
  A quokka skeleton (D:4)
  9 rats
262 creatures vanquished.

Notes
Turn   | Place    | Note
-------+----------+-------------------------------------------
     0 | D:1      | Martska the Naga Fighter began the quest for the Orb.
     0 | D:1      | Reached XP level 1. HP: 21/21 MP: 1/1
   440 | D:1      | Reached XP level 2. HP: 28/28 MP: 2/2
  1148 | D:1      | Reached XP level 3. HP: 33/34 MP: 3/3
  1338 | D:2      | Found a shimmering altar of Xom.
  1679 | D:2      | Reached XP level 4. HP: 36/44 MP: 4/4
  2113 | D:2      | Reached skill level 1 in Dodging
  2380 | D:3      | Reached XP level 5. HP: 42/50 MP: 5/5
  3151 | D:4      | Reached XP level 6. HP: 24/58 MP: 6/6
  4047 | D:4      | Reached skill level 5 in Fighting
  4263 | D:5      | Entered Level 5 of the Dungeon
  4263 | D:5      | Found Loshriut's Distillery.
  4273 | D:4      | Reached XP level 7. HP: 63/67 MP: 7/7
  4648 | D:5      | Found Goseofy's Assorted Antiques.
  5116 | D:5      | Found Xitreyr's Weapon Shop.
  5152 | D:5      | Found a staircase to the Ecumenical Temple.
  5180 | Temple   | Entered the Ecumenical Temple
  5307 | D:5      | Reached skill level 5 in Polearms
  5911 | D:5      | Found Sient's Armour Emporium.
  5926 | D:5      | Found Nidiunoi's Jewellery Boutique.
  6140 | D:6      | Reached XP level 8. HP: 76/76 MP: 8/8
  7297 | D:7      | Reached XP level 9. HP: 70/86 MP: 9/9
  8367 | D:8      | Noticed a troll
  8376 | D:8      | Killed a troll
  8656 | D:8      | Reached skill level 5 in Shields
  8891 | D:8      | Noticed Maggie
  8926 | D:8      | Killed Maggie
  8926 | D:8      | Reached XP level 10. HP: 43/98 MP: 10/10
  9119 | D:8      | Noticed Harold
  9147 | D:8      | Killed Harold
 10209 | D:8      | Reached skill level 5 in Dodging
 10510 | D:8      | Noticed a three-headed hydra
 10531 | D:8      | Killed a three-headed hydra
 11175 | D:9      | Noticed a two-headed ogre
 11188 | D:9      | HP: 3/102 [two-headed ogre/+0 giant club (6)]
 11569 | D:9      | Reached skill level 10 in Fighting
 11582 | D:9      | Killed a two-headed ogre
 11582 | D:9      | Reached XP level 11. HP: 48/109 MP: 11/11
 11897 | D:9      | Noticed a two-headed ogre
 11914 | D:9      | Killed a two-headed ogre
 11914 | D:9      | Reached skill level 10 in Polearms
 12136 | D:9      | Noticed Erolcha
 12193 | D:10     | Entered Level 10 of the Dungeon
 12476 | D:9      | Killed Erolcha
 12476 | D:9      | Reached skill level 1 in Spellcasting
 12616 | D:9      | Found Fucacyuru's Magic Scroll Shop.
 12740 | D:9      | Found a snail-covered altar of Cheibriados.
 12741 | D:9      | Found an ornate altar of the Wu Jian Council.
 12867 | D:9      | Became a worshipper of Cheibriados the Contemplative
 13655 | D:10     | Found a staircase to the Lair.
 13700 | D:10     | Reached skill level 1 in Invocations
 13818 | D:10     | Found a shimmering altar of Xom.
 14128 | D:10     | Reached * piety under Cheibriados
 14167 | D:10     | Noticed an unseen horror
 14185 | D:10     | Noticed a harpy
 14185 | D:10     | an unseen horror changed into a harpy
 14190 | D:10     | Killed a harpy
 14689 | D:11     | Noticed Nergalle
 14710 | D:11     | Noticed Fannar
 14863 | D:11     | Killed Nergalle
 15306 | D:11     | Killed from afar by Fannar

Illustrated notes

Levels and vault maps discovered:
D:1:      psy_arrival_conway, layout_rooms
D:2:      layout_loops_cross, xom_teletrap_fun
D:3:      layout_basic, grunt_temple_overflow_open, first_ration
D:4:      layout_basic
D:5:      layout_loops_cross, temple_fountains, serial_shops, shop, shop,
          kennysheep_mini_moat, kennysheep_little_box, shop
D:6:      layout_cave_pods
D:7:      layout_basic
D:8:      layout_loops_ring, nicolae_ossuary_entry_monument, hangedman_ranch
          [blue_anna_fruit_fields], uniq_harold, uniq_maggie
D:9:      layout_basic, chequers_temple_overflow_statue_of_worship,
          serial_shops, shop, uniq_erolcha
D:10:     minmay_wavy_crystal, layout_basic, lair_entry_dummy, basic_altar
D:11:     layout_loops_ring, uniq_nergalle, uniq_maurice, uniq_fannar
Temple:   nicolae_temple_x_marks_the_god

Skill      XL: |  1  2  3  4  5  6  7  8  9 10 11 |
---------------+----------------------------------+-----
Polearms       | 3 4 5 6 8 9 10 | 10.5
Dodging        | 1 2 3 4 5 6 |  6.0
Fighting       | 4 5 6 7 8 10 | 10.8
Shields        | 3 4 5 6 |  6.6
Spellcasting   | 2 |  2.0
Invocations    | 2 |  2.4
Armour         | 3 |  3.2

Action                   |  1- 3 |  4- 6 |  7- 9 | 10-12 || total
-------------------------+-------+-------+-------+-------++-------
Melee: Trident           |   106 |   176 |   496 |   534 ||  1312
Evoke: Wand              |       |       |     3 |     8 ||    11
  Use: Scroll            |       |     4 |     7 |     9 ||    20
       Potion            |       |     1 |     4 |     5 ||    10
  Eat: Chunk             |     1 |     6 |     3 |     3 ||    13
       Ration            |       |       |     3 |     4 ||     7
Armor: Scale mail        |    16 |       |       |       ||    16
       Leather armour    |    18 |    32 |    89 |       ||   139
       Troll leather arm |       |       |    16 |       ||    16
       Steam dragon scal |       |       |       |   125 ||   125
Dodge: Dodged            |    52 |    73 |   203 |   253 ||   581
Block: Kite shield       |    66 |    86 |   250 |   255 ||   657
       Buckler           |       |       |     7 |       ||     7
